 Dungeon Crawl Stone Soup version 0.21.1-1-g345015f (webtiles) character file.

91 Gadfly the Skirmisher (level 4, -2/37 HPs)
             Began as a Demonspawn Monk on July 5, 2018.
             Slain by a gnoll
             ... wielding a +0 club
              (7 damage)
             ... on level 3 of the Dungeon.
             The game lasted 00:03:39 (2345 turns).

Gadfly the Skirmisher (Demonspawn Monk)             Turns: 2345, Time: 00:03:39

Health: -2/37      AC:  4    Str: 12    XL:     4   Next: 33%
Magic:  4/4        EV: 16    Int: 11    God:
Gold:   50         SH:  0    Dex: 16    Spells: 3/3 levels left

rFire    + + .     SeeInvis .   a - +0 hand axe
rCold    . . .     Gourm    .   (no shield)
rNeg     . . .     Faith    .   b - +1 robe
rPois    +         Spirit   .   (no helmet)
rElec    +         Reflect  .   (no cloak)
rCorr    +         Harm     .   (no gloves)
MR       .....                  g - +0 pair of boots
Stlth    ++........             (no amulet)
HPRegen  0.12/turn              d - ring of fire
MPRegen  0.09/turn              e - +3 ring of evasion

@: resistant
A: hooves 1, powered by death 1
a: no special abilities


You were on level 3 of the Dungeon.
You were not hungry.

You visited 1 branch of the dungeon, and saw 3 of its levels.

You collected 50 gold pieces.

Inventory:

Hand Weapons
 a - a +0 hand axe (weapon)
Armour
 b - a +1 robe (worn)
 g - a +0 pair of boots (worn)
Jewellery
 d - a ring of fire (left hand)
 e - a +3 ring of evasion (right hand)
Scrolls
 j - a scroll of remove curse
 l - a scroll of identify
Potions
 i - a potion of curing
Comestibles
 c - 4 rations


   Skills:
 + Level 3.7 Fighting
 + Level 3.2 Axes
 * Level 2.4 Armour
 - Level 2.6 Dodging
 - Level 1.7 Stealth


You had 3 spell levels left.
You didn't know any spells.

Dungeon Overview and Level Annotations

Branches:
Dungeon (3/15)

Altars:


Innate Abilities, Weirdness & Mutations

You have large cloven feet.
You regenerate a little health from kills.


Message History

You hit the gnoll but do no damage.
The gnoll is moderately wounded.
You hit the gnoll but do no damage. You closely miss the gnoll.
You hit the gnoll. The gnoll completely misses you.
The gnoll hits you but does no damage. x2; The gnoll misses you.
Unknown command.
You hit the gnoll but do no damage.
The gnoll is moderately wounded.
You closely miss the gnoll. You hit the gnoll. You barely miss the gnoll.
The gnoll misses you. The gnoll barely misses you.
The gnoll closely misses you.
The gnoll hits you with an enchanted spear!
* * * LOW HITPOINT WARNING * * *
You hit the gnoll.
The gnoll is severely wounded.
You hit the gnoll. x2; You hit the gnoll but do no damage.
The gnoll hits you with a whip.
* * * LOW HITPOINT WARNING * * *
The gnoll hits you but does no damage. The gnoll hits you with a club!
You die...

#....# #.#.# #.#..##
##'#######.#.# #.#..##
#)........#.###.#..##
###########...#....##
###.###.### #########
#.# #.#.. ........#
####.###.#.# ......g!#
#..........#
.....rg@#####...####.###
...$..gg'...............
........###.###########.
........# #.# #.
........# #.# #.
........# #.# #.
........# #.# #.
.#+###### #.# #. #.# #.


You could see 4 gnolls and a rat.

Vanquished Creatures
  4 adders
  A worm (D:2)
  5 leopard geckos
  2 ball pythons (D:1)
  5 bats
  A giant cockroach (D:1)
  5 goblins
  2 hobgoblins
  4 jackals (D:1)
  4 kobolds (D:1)
  A quokka (D:2)
  3 frilled lizards (D:1)
  8 rats
45 creatures vanquished.

Notes
Turn   | Place    | Note
-------+----------+-------------------------------------------
     0 | D:1      | Gadfly the Demonspawn Monk began the quest for the Orb.
     0 | D:1      | Reached XP level 1. HP: 18/18 MP: 1/1
   470 | D:1      | Reached skill level 1 in Armour
   470 | D:1      | Gained mutation: You have large cloven feet. [demonic ancestry]
   470 | D:1      | Reached XP level 2. HP: 19/24 MP: 2/2
   775 | D:1      | Gained mutation: You regenerate a little health from kills. [demonic ancestry]
   775 | D:1      | Reached XP level 3. HP: 29/29 MP: 3/3
  1724 | D:2      | Reached XP level 4. HP: 21/36 MP: 4/4
  2345 | D:3      | Slain by a gnoll

Skill      XL: |  1  2  3 |
---------------+----------+-----
Armour         | 1 2 |  2.4
Axes           | 3 |  3.2
Fighting       | |  3.7
Dodging        | |  2.6
Stealth        | |  1.7

Action                   |  1- 3 |  4- 6 || total
-------------------------+-------+-------++-------
Melee: Hand axe          |   141 |    22 ||   163
       Kick              |     5 |       ||     5
  Use: Scroll            |     5 |       ||     5
       Potion            |     3 |     3 ||     6
 Stab: Sleeping          |     5 |     1 ||     6
  Eat: Chunk             |     3 |     2 ||     5
Armor: Robe              |    19 |     7 ||    26
Dodge: Dodged            |   131 |    27 ||   158
